 Dungeon Crawl Stone Soup version 0.27-a0-1296-g8ece459b43 (webtiles) character file.

Game seed: 3801029010556052411

3227 HAL9000 the Covert (level 9, -10/42 HPs)
             Began as a Vine Stalker Brigand on June 16, 2021.
             Mangled by a hornet (14 damage)
             ... on level 8 of the Dungeon.
             The game lasted 00:15:09 (7730 turns).

HAL9000 the Covert (Vine Stalker Brigand)           Turns: 7730, Time: 00:15:10

Health: -10/42     AC:  6    Str: 16    XL:     9   Next: 98%
Magic:  0/10       EV: 15    Int: 11    God:
Gold:   96         SH:  6    Dex: 20    Spells: 8/8 levels left

rFire    + + .     SeeInvis .   w - +4 dagger
rCold    . . .     Faith    .   t - +0 buckler
rNeg     . . .     Spirit   +   b - +0 robe
rPois    .         Reflect  .   (no helmet)
rElec    .         Harm     .   c - +0 cloak
rCorr    .         Rampage  .   k - +0 pair of gloves
Will     +....                  s - +1 pair of boots "Facun" {rF+ Dex+3}
Stlth    +++++.....             x - amulet of magic regeneration
HPRegen  1.14/turn              i - +4 ring of evasion
MPRegen  0.37/turn              n - ring of protection from fire

@: no status effects
A: fangs 3, regeneration 1, magic shield, antimagic bite, no potion heal 2
a: no special abilities


You were on level 8 of the Dungeon.
You visited 2 branches of the dungeon, and saw 9 of its levels.

You collected 343 gold pieces.
You spent 247 gold pieces at shops.

Inventory:

Hand Weapons
 a - a +4 short sword
 w - a +4 dagger (weapon)
 y - a +2 dagger of venom
Missiles
 d - 30 poisoned darts (quivered)
 e - 2 curare-tipped darts
 u - a throwing net
Armour
 b - a +0 robe (worn)
 c - a +0 cloak (worn)
 k - a +0 pair of gloves (worn)
 s - the +1 pair of boots "Facun" (worn) {rF+ Dex+3}
   (You bought it in a shop on level 5 of the Dungeon)

   It affects your dexterity (+3).
   It protects you from fire.
 t - a +0 buckler (worn)
Jewellery
 i - a +4 ring of evasion (left hand)
 n - a ring of protection from fire (right hand)
 x - an amulet of magic regeneration (around neck)
 A - the ring of Akkosumn {Ice rCorr Str+4 Int+4 SInv}
   (You found it on level 7 of the Dungeon)

   [ring of ice]

   It enhances your ice magic.
   It affects your strength (+4).
   It affects your intelligence (+4).
   It makes you vulnerable to fire.
   It protects you from cold.
   It lets you see invisible.
   It protects you from acid and corrosion.
Wands
 C - a wand of charming (10)
 F - a wand of acid (5)
Scrolls
 f - a scroll of brand weapon {unknown}
 j - 2 scrolls of fog {unknown}
 l - a scroll of torment {unknown}
 o - a scroll of blinking {unknown}
 p - 2 scrolls of magic mapping {unknown}
 q - a scroll of immolation
 v - 2 scrolls of enchant armour {unknown}
 z - a scroll of vulnerability {unknown}
 B - a scroll of enchant weapon {unknown}
 D - a scroll of identify
Potions
 g - a potion of berserk rage
 h - a potion of lignification
 m - 2 potions of invisibility
 r - a potion of curing
 E - a potion of mutation {unknown}


   Skills:
 - Level 1.7 Fighting
 - Level 8.5 Short Blades
 - Level 1.7 Throwing
 - Level 0.7 Dodging
 + Level 12.4 Stealth
 - Level 4.0 Shields


You had 8 spell levels left.
You didn't know any spells.
Your spell library contained the following spells:

 Spells                   Type           Power      Damage    Failure   Level
 Summon Small Mammal      Summ           0%         N/A       34%         1
 Blink                    Tloc           N/A        N/A       47%         2
 Call Imp                 Summ           0%         N/A       47%         2
 Call Canine Familiar     Summ           0%         N/A       71%         3
 Summon Guardian Golem    Hex/Summ       0%         N/A       71%         3
 Summon Ice Beast         Ice/Summ       0%         N/A       98%         4
 Summon Lightning Spire   Summ/Air       0%         N/A       98%         4


Dungeon Overview and Level Annotations

Branches:
Dungeon (8/15)             Temple (1/1) D:7
   Lair: D:8-11

Altars:
Ashenzari
Cheibriados
Dithmenos
Elyvilon
Fedhas
Gozag
Hepliaklqana
Kikubaaqudgha
Makhleb
Okawaru
Qazlal
Ru
Sif Muna
Trog
Uskayaw
Vehumet
Wu Jian
Yredelemnul
Zin
The Shining One

Shops:
D:5 [   D:6 ?


Innate Abilities, Weirdness & Mutations

You have razor-sharp teeth.
Your natural rate of healing is unusually fast.
When hurt, damage is shared between your health and your magic reserves.
Your bite disrupts and absorbs the magic of your enemies.
Potions cannot restore your health.


Message History

You destroy the centaur zombie!
No target in view!
F - a wand of acid (5)
Found a stone staircase leading up.
Found a buckler.
Found 18 stones.
There is a stone staircase leading down here.
An orc comes into view. It is wielding a +0 flail.
An orc is nearby!
An orc wizard comes into view. It is wielding a +0 dagger.
A hornet, an orc and an orc priest come into view.
The orc priest shouts!
An orc priest comes into view. It is wielding a +0 dagger.
The orc priest calls down the wrath of Beogh upon you.
Beogh smites you!
The orc priest shouts!
The orc wizard shouts!
The hornet buzzes angrily.
The orc priest calls down the wrath of Beogh upon you.
Beogh smites you!
You are too injured to fight recklessly!
Unknown command.
The orc priest calls down the wrath of Beogh upon you.
Beogh smites you!
The orc priest begins to cast a cantrip, but forgets the words!
Unknown command.
The orc priest casts a cantrip, but nothing happens.
A killer bee zombie comes into view.
The orc wizard casts a spell.
The orc wizard flickers and vanishes!
Deactivating autopickup; reactivate with Ctrl-A.
The hornet stings you!
* * * LOW HITPOINT WARNING * * *
You feel yourself slow down.
The orc priest calls down the wrath of Beogh upon you.
Beogh smites you!
* * * LOW HITPOINT WARNING * * *
The hornet misses you.
You feel yourself speed up. The hornet stings you!
You die...

#..o......###################
...Z.o..oo....................
....Zo.................#######
###########o..(........#######
#............##.....
#............##.....
#..o.........##.....
#..y.........##.....
##.@.........##.....
#..<........##.....
#...........##.....
#.........>.##.....
#...........##.....
#........)..##.....
#...........##.....
###..######.##..... ##.##
#.##.....


You could see a hornet, 2 orc priests and an orc.

Vanquished Creatures
  Pikel (D:4)
  3 centaur zombies
  A steam dragon (D:6)
  A water moccasin (D:6)
  2 orc warriors
  3 sky beasts
  2 black bears
  3 ogres
  A necrophage (D:4)
  A phantom (D:6)
  3 scorpions
  A wyvern skeleton (D:5)
  A water moccasin skeleton (D:7)
  3 wights (D:6)
  2 howler monkeys
  A bullfrog zombie (D:5)
  Crazy Yiuf (D:5)
  A hound (D:5)
  2 jellies
  2 orc priests
  2 centaur skeletons
  Terence (D:2)
  6 orc wizards
  10 adders
  A white imp (D:7)
  2 worms
  18 orcs
  10 endoplasms
  3 giant cockroaches
  8 goblins
  8 hobgoblins
  6 jackals
  6 kobolds
  A quokka (D:5)
  A ball python (D:3)
  4 frilled lizards
  6 rats
  A spectral orc (D:7)
129 creatures vanquished.

Notes
Turn   | Place    | Note
-------+----------+-------------------------------------------
     0 | D:1      | HAL9000 the Vine Stalker Brigand began the quest for the
                  | Orb.
     0 | D:1      | Reached XP level 1. HP: 11/11 MP: 2/2
   426 | D:1      | Reached XP level 2. HP: 11/15 MP: 3/3
   714 | D:1      | Found a faded altar of an unknown god.
  1203 | D:2      | Reached XP level 3. HP: 11/18 MP: 1/4
  2036 | D:2      | Noticed Terence
  2081 | D:2      | Killed Terence
  2082 | D:2      | Gained mutation: Your natural rate of healing is unusually
                  | fast. [Vine Stalker growth]
  2082 | D:2      | Reached XP level 4. HP: 4/23 MP: 2/5
  2546 | D:3      | Reached XP level 5. HP: 24/26 MP: 6/6
  2578 | D:3      | Found an ancient bone altar of Kikubaaqudgha.
  2911 | D:3      | Reached skill level 5 in Short Blades
  3410 | D:4      | Noticed a necrophage
  3430 | D:4      | Killed a necrophage
  3431 | D:4      | Reached XP level 6. HP: 28/30 MP: 7/7
  3447 | D:4      | Noticed Pikel
  3491 | D:4      | Killed Pikel
  3492 | D:4      | Reached XP level 7. HP: 34/34 MP: 6/8
  3574 | D:4      | Found a bloodstained altar of Trog.
  3685 | D:4      | Found a shimmering blue altar of Sif Muna.
  3696 | D:4      | Gained mutation: You have razor-sharp teeth. [Vine Stalker
                  | growth]
  3696 | D:4      | Reached XP level 8. HP: 35/38 MP: 7/9
  3726 | D:4      | Identified Sif Muna's Grimoire of Dislocation
  4010 | D:5      | Entered Level 5 of the Dungeon
  4188 | D:5      | Reached skill level 5 in Stealth
  4299 | D:5      | Reached skill level 6 in Stealth
  4338 | D:5      | Reached skill level 7 in Stealth
  4469 | D:5      | Found a snail-covered altar of Cheibriados.
  4514 | D:5      | Reached skill level 8 in Stealth
  4520 | D:5      | Found Most's Antique Armour Shoppe.
  4732 | D:5      | Found a runed translucent door.
  4733 | D:5      | Noticed Crazy Yiuf
  4849 | D:5      | Killed Crazy Yiuf
  5073 | D:6      | Reached skill level 9 in Stealth
  5073 | D:6      | Reached XP level 9. HP: 42/42 MP: 10/10
  5314 | D:6      | Reached skill level 10 in Stealth
  5382 | D:6      | Found Ukeod's Magic Scroll Shop.
  5642 | D:6      | Found a hazy altar of Hepliaklqana.
  5813 | D:6      | Reached skill level 11 in Stealth
  6096 | D:5      | Bought a pair of fine boots for 247 gold pieces
  6096 | D:5      | Identified the +1 pair of boots "Facun" {rF+ Dex+3} (You
                  | bought it in a shop on level 5 of the Dungeon)
  6271 | D:7      | Identified the ring of Akkosumn {Ice rCorr Str+4 Int+4
                  | SInv}
  6336 | D:7      | Found a staircase to the Ecumenical Temple.
  6350 | Temple   | Entered the Ecumenical Temple
  7137 | D:7      | Found a basalt altar of Yredelemnul.
  7236 | D:8      | Reached skill level 12 in Stealth
  7719 | D:8      | Noticed a hornet
  7729 | D:8      | HP: 2/42 [orc priest/divine providence (11)]
  7730 | D:8      | Mangled by a hornet

Illustrated notes

Levels and vault maps discovered:
D:1:      mrwooster_arrival_arrow, layout_basic,
          shapermc_ecumenical_altar_hornbeckon
D:2:      layout_loops_ring, due_unseen_surprise, uniq_terence
D:3:      layout_loops_ring, lemuel_tele_altar, minmay_misc_feat_chi
D:4:      layout_rooms, nzn_overflow_gifts_of_might_and_magic, uniq_pikel
D:5:      minmay_spotlight, layout_loops_ring, cheibrodos_worm_habitat,
          serial_shops, shop, uniq_crazy_yiuf_cottage
D:6:      layout_loops_cross, marbit_many_paths, minmay_shop_grid_forest
D:7:      layout_cave_pods, yredelemnul_forgotten_temple_becter,
          minmay_temple_entry_mini_moons, enter_ossuary_2,
          hangedman_decor_opposing
D:8:      layout_basic
Temple:   eino_narrow_crystal_temple

Skill      XL: |  1  2  3  4  5  6  7  8  9 |
---------------+----------------------------+-----
Short Blades   | 2 3 4 5 7 8 |  8.5
Stealth        | 9 12 | 12.4
Shields        | 2 4 |  4.0
Fighting       | |  1.7
Throwing       | |  1.7
Dodging        | |  0.7

Action                   |  1- 3 |  4- 6 |  7- 9 || total
-------------------------+-------+-------+-------++-------
Melee: Dagger            |    67 |   140 |   330 ||   537
       Bite              |    12 |    45 |   118 ||   175
Throw: Dart              |    17 |     8 |    33 ||    58
  Use: Potion            |     1 |       |       ||     1
       Scroll            |       |       |     5 ||     5
 Stab: Sleeping          |     8 |     9 |    13 ||    30
       Distracted        |       |     1 |     1 ||     2
Armor: Robe              |     9 |    18 |    28 ||    55
Dodge: Dodged            |    33 |    93 |   115 ||   241
Block: Buckler           |       |       |    35 ||    35

Table legend: (Time is in decaauts)
 A = Elapsed time spent in this place.
 B = Non-inter-level travel time spent in this place.
 C = Inter-level travel time spent in this place.
 D = Time resting spent in this place.
 E = Time spent auto-exploring this place.
 F = Levels seen in this place.
 G = Mean time per level.
                   A        B        C        D        E       F      G
               +--------+--------+--------+--------+--------+-----+--------+
         Total |   7552 |   6986 |    566 |    390 |   5233 |   9 |  839.1 |
       Dungeon |   7336 |   6812 |    524 |    390 |   5060 |   8 |  917.0 |
        Temple |    215 |    173 |     42 |      0 |    173 |   1 |  215.0 |
               +--------+--------+--------+--------+--------+-----+--------+

Top non-repeatable levels by time:
     D:1: 1360 daAuts
     D:5: 1144 daAuts
     D:3: 990 daAuts
     D:2: 874 daAuts
     D:6: 855 daAuts
     D:7: 811 daAuts
     D:4: 785 daAuts
     D:8: 513 daAuts
  Temple: 215 daAuts
